AoeStats
← DonkeyKong

Arabia

510492455Analyzed
1v1 RM · 17h ago on Oct 1, 2026· 46m 39s· 2 players
Game mode
Random Map
Map size
Tiny (2 player)
Population
200
Speed
Normal
Resources
Standard
Victory
Conquest
Starting age
Dark Age
Ending age
Imperial Age
RankedLock teamsTeams togetherTeam positionsShared explorationLock speedFull tech treeHidden civsTurbo modeCheats
Victory
Defeat
🇨🇳 Magyars · China
1422
+16
🇹🇼 Burgundians · Taiwan
1429
-16
确认过眼神
6:17 Loom
8:37 Feudal Age
10:27 Double-Bit Axe
11:27 Loom
13:16 Horse Collar
15:34 Fletching
19:04 Padded Archer Armor
25:20 Castle Age
24:03 Bloodlines
24:07 Scale Barding Armor
26:31 Chain Barding Armor
27:51 Husbandry
28:03 Bow Saw
28:38 Light Cavalry
32:56 Wheelbarrow
32:08 Town Watch
33:23 Heavy Plow
33:42 Devotion
36:01 Sanctity
43:54 Imperial Age
44:00 Hand Cart
43:55 Cavalier
45:11 Plate Barding Armor
DonkeyKong
3:31 Double-Bit Axe
6:18 Loom
9:21 Feudal Age
10:41 Bow Saw
14:35 Fletching
17:07 Padded Archer Armor
23:16 Castle Age
22:32 Forging
24:01 Scale Barding Armor
26:18 Cavalier
27:38 Horse Collar
32:28 Iron Casting
33:54 Wheelbarrow
37:42 Scale Mail Armor
42:53 Sanctity
43:11 Chain Barding Armor
Connection lost

Rejoining the realm…

Still unreachable

The connection could not be restored.

Session expired

The server has moved on; the page needs a fresh start.